Map: Lerilak Crest

Players

Somofox

  • Race: Terran Terran
  • League: Gold

Frozzen - Winner!

  • Race: Zerg Zerg
  • League: Gold

VOD

Have the link to the VOD?

Description

Time

  • Played on: Nov. 17, 2015, 10:13 p.m.
  • Length: 12:30
Show
View Real Time Build Order
Export as new Build Order

Somofox Terran 

Build Orders: Reaper Expand, Hellion Banshee, MMM Bio 

Get SALT Encoding   

  12  0:00  SCV  
  13  0:12  SCV  
  14  0:17  Supply Depot  
  14  0:25  SCV  
  15  0:39  SCV  
  15  0:40  Barracks  
  16  0:47  Refinery  
  16  0:51  SCV  
  17  1:04  SCV  
  18  1:16  SCV  
  19  1:29  Orbital Command  
  19  1:30  Reaper  
  20  1:35  Supply Depot  
  20  1:54  Command Center  
  20  1:57  SCV  
  21  2:05  Bunker  
  21  2:14  Marine  
  22  2:16  SCV  
  23  2:28  SCV, Factory  
  24  2:33  Barracks Reactor  
  24  2:38  Supply Depot  
  24  2:41  SCV  
  24  3:06  Orbital Command  
  24  3:19  Hellion x2  
  28  3:20  Barracks Tech Lab, Starport  
  28  3:23  SCV  
  28  3:24  Refinery  
  29  3:34  SCV  
  30  3:35  SCV  
  30  3:37  Refinery  
  30  3:40  Hellion x2  
  35  3:46  SCV  
  36  3:52  SCV  
  37  4:02  Hellion x2  
  41  4:09  SCV  
  42  4:10  SCV  
  42  4:16  Banshee  
  46  4:17  Cloaking Field  
  46  4:19  Supply Depot  
  48  4:26  Command Center, SCV  
  48  4:28  SCV  
  48  4:30  Barracks Tech Lab  
  48  4:39  SCV  
  48  4:40  SCV  
  48  4:44  Engineering Bay  
  50  4:51  SCV  
  51  4:53  Barracks  
  51  4:58  Stimpack  
  51  5:10  Banshee  
  54  5:15  SCV  
  54  5:18  Terran Infantry Weapons Level 1  
  55  5:24  Barracks  
  55  5:25  Widow Mine x2  
  59  5:39  Orbital Command  
  56  5:42  Barracks Reactor  
  56  5:46  Engineering Bay  
  56  5:48  SCV x2, Barracks  
  58  5:54  Widow Mine x2  
  58  5:56  Marauder  
  64  6:02  Supply Depot  
  64  6:08  SCV x2  
  66  6:14  Orbital Command  
  66  6:20  SCV  
  66  6:21  Barracks Reactor  
  66  6:22  Terran Infantry Armor Level 1, Widow Mine  
  69  6:26  Armory  
  69  6:29  Barracks x2  
  69  6:43  SCV  
  70  6:48  SCV x2  
  72  6:56  SCV  
  72  6:59  Barracks Reactor  
  72  7:00  SCV, Combat Shields  
  74  7:01  Medivac x2  
  74  7:05  Supply Depot, Missile Turret  
  74  7:07  Barracks, Widow Mine  
  74  7:08  Missile Turret  
  80  7:11  Marine x3  
  80  7:12  Bunker  
  83  7:21  SCV x2  
  85  7:24  Supply Depot  
  85  7:25  Supply Depot  
  85  7:26  Barracks Reactor, SCV  
  86  7:34  SCV x2  
  88  7:38  SCV  
  88  7:39  Refinery  
  88  7:42  Marine x3  
  88  7:43  Barracks Reactor, Marine  
  93  7:46  Medivac x2  
  93  7:47  SCV  
  98  7:52  Supply Depot  
  98  7:55  Missile Turret  
  98  7:57  Missile Turret  
  98  8:01  Marine x3  
  98  8:03  Marine  
  98  8:04  Marine x4  
  107  8:11  Missile Turret  
  107  8:16  Medivac  
  107  8:17  Barracks Reactor  
  107  8:18  Marine  
  107  8:19  Marine x2  
  111  8:21  Marine  
  111  8:23  Marine x2  
  114  8:29  Viking  
  116  8:38  Command Center  
  116  8:53  Supply Depot  
  116  8:54  Supply Depot x2  
  116  8:56  Supply Depot  
  116  9:00  Supply Depot  
  116  9:03  Missile Turret  
  116  9:04  Missile Turret  
  116  9:06  Supply Depot  
  116  9:09  Supply Depot  
  116  9:10  Supply Depot  
  116  9:14  Medivac  
  116  9:15  Medivac  
  111  9:29  Marine x2  
  105  9:36  Marine x4  
  105  9:37  Marine x6  
  110  9:47  Marine  
  110  9:49  Marine  
  110  9:52  Planetary Fortress  
  112  9:54  Marine x5  
  112  9:55  Marine  
  120  10:00  SCV x2  
  120  10:04  Terran Infantry Armor Level 2  
  120  10:05  Supply Depot  
  120  10:07  Terran Infantry Weapons Level 2  
  120  10:17  Marine x2  
  120  10:18  Barracks  
  122  10:23  Barracks, Marine x2  
  122  10:26  Marine  
  122  10:27  Marine x6  
  131  10:37  Widow Mine x2  
  131  10:38  Marine  
  131  10:39  Marine x2  
  131  10:41  Marine  
  139  10:45  SCV x3  
  139  10:46  Marauder  
  144  10:50  Marine x2  
  144  10:51  Marine x2  
  148  10:59  SCV x3  
  148  11:03  Supply Depot  
  151  11:05  Supply Depot, Concussive Shells, Marauder  
  151  11:07  Marauder  
  129  11:21  Marine  
  118  11:26  Marauder  
  118  11:28  Marine  
  118  11:30  Marine x2  
  114  11:35  Marine x2  
  114  11:36  Marine x4  
  117  11:42  Marine x3  
  117  11:44  Marine  
  117  11:46  Marauder  
  123  11:48  Marine, Marauder  
  123  11:52  Marine  
  123  11:53  Marine x2  
  119  12:00  Marine x6  
  101  12:02  Marine x2  
  101  12:06  Marine  
  101  12:08  Marauder  
  101  12:09  Marauder  
  101  12:10  Marine  
  101  12:11  Marine x2  
Show
View Real Time Build Order
Export as new Build Order

Frozzen Zerg - Winner!

Build Orders: Hatch First, Lurkers 

Get SALT Encoding   

  12  0:01  Drone  
  13  0:12  Overlord  
  13  0:17  Drone  
  14  0:30  Drone x2  
  16  0:51  Hatchery  
  16  0:52  Drone  
  16  0:56  Drone  
  17  0:59  Drone  
  18  1:13  Spawning Pool  
  18  1:16  Drone  
  18  1:19  Extractor  
  18  1:23  Drone  
  18  1:30  Drone  
  19  1:39  Overlord  
  19  2:00  Queen  
  19  2:01  Zergling x4  
  23  2:03  Queen  
  23  2:04  Zergling x2  
  26  2:16  Drone x2  
  26  2:22  Metabolic Boost  
  28  2:23  Drone  
  28  2:27  Drone  
  30  2:35  Zergling x2  
  31  2:43  Queen  
  33  2:57  Drone x2  
  33  2:58  Drone x2  
  36  2:59  Lair  
  36  3:01  Overlord  
  36  3:15  Overlord  
  36  3:20  Drone  
  36  3:21  Drone x6  
  43  3:27  Drone  
  43  3:32  Roach Warren, Drone  
  44  3:40  Drone x2  
  46  3:42  Drone  
  46  3:45  Drone x2, Extractor  
  46  3:46  Drone, Extractor  
  46  3:48  Drone  
  49  3:50  Drone  
  49  3:55  Drone x2  
  52  4:00  Overseer  
  51  4:06  Overlord  
  51  4:07  Overlord  
  51  4:12  Glial Reconstitution  
  51  4:25  Roach x3  
  51  4:26  Roach x3  
  63  4:33  Zergling x2  
  63  4:34  Zergling x2  
  65  4:42  Hydralisk Den  
  65  4:43  Drone x3  
  65  4:45  Overlord, Extractor  
  66  4:48  Hatchery  
  67  4:53  Roach  
  67  5:00  Overlord  
  67  5:11  Muscular Augments  
  67  5:13  Drone x3  
  70  5:14  Drone  
  70  5:15  Drone x2  
  70  5:19  Evolution Chamber  
  72  5:22  Evolution Chamber  
  72  5:26  Spore Crawler  
  72  5:28  Spore Crawler, Overseer  
  68  5:40  Drone x3  
  71  5:44  Hydralisk  
  71  5:45  Hydralisk x3  
  79  5:54  Zerg Ground Armor Level 1  
  79  5:55  Zerg Missile Weapons Level 1  
  79  5:56  Zergling x10  
  84  5:59  Overlord  
  84  6:09  Ravager x2  
  84  6:10  Drone  
  84  6:11  Drone x3  
  89  6:15  Drone  
  89  6:16  Overlord x2  
  90  6:24  Hydralisk  
  92  6:31  Spine Crawler  
  91  6:34  Lurker Den  
  91  6:35  Spore Crawler  
  91  6:36  Drone x5  
  95  6:40  Drone  
  95  6:42  Drone x3  
  99  6:48  Hydralisk x2  
  103  7:05  Drone  
  103  7:06  Drone x2, Spine Crawler  
  103  7:07  Drone x3  
  108  7:09  Spine Crawler, Hydralisk x2  
  108  7:10  Extractor  
  110  7:21  Drone  
  110  7:22  Drone x3, Infestation Pit  
  113  7:26  Drone  
  114  7:31  Overlord  
  114  7:32  Overlord x3  
  114  7:37  Extractor  
  113  7:50  Zerg Ground Armor Level 2, Zerg Missile Weapons Level 2  
  113  8:00  Drone x2  
  113  8:01  Drone x2  
  113  8:04  Lurker x4  
  113  8:05  Lurker  
  122  8:06  Zergling x2  
  122  8:07  Zergling x10  
  122  8:09  Drone  
  122  8:10  Drone  
  122  8:11  Zergling x10  
  135  8:17  Hatchery  
  135  8:19  Hydralisk x4  
  142  8:38  Overseer  
  142  8:39  Hatchery  
  142  8:41  Pneumatized Carapace  
  141  8:50  Zergling x2  
  141  8:51  Zergling x8  
  141  8:52  Overlord x3  
  141  8:55  Overlord x3  
  146  9:11  Overlord x3  
  112  9:36  Hydralisk x8  
  112  9:37  Hydralisk  
  130  9:41  Roach x4  
  138  9:55  Overseer x2  
  138  9:59  Pathogen Glands  
  138  10:00  Hive  
  138  10:05  Extractor  
  137  10:08  Spore Crawler  
  137  10:11  Ravager x2  
  137  10:13  Lurker x2  
  137  10:14  Lurker  
  141  10:15  Roach  
  141  10:16  Hydralisk, Roach x6  
  141  10:17  Hydralisk x4  
  141  10:19  Zergling x2  
  141  10:20  Zergling x26  
  179  10:36  Hydralisk x2  
  179  10:38  Zergling x2  
  179  10:39  Zergling x8  
  188  10:50  Drone  
  188  10:52  Extractor  
  188  10:56  Infestor x3  
  194  10:57  Zergling x2  
  194  10:58  Zergling x8  
  185  11:31  Hydralisk  
  185  11:32  Hydralisk x8  
  189  11:34  Zergling x2  
  198  11:42  Lurker  
  198  11:43  Zergling x2  
  171  12:06  Lurker  
  171  12:07  Zergling x10  
  171  12:08  Zergling x16  
Tags
 
Add a new tag
Caveats
  • Supply blocks, unpowered buildings, or Contaminate may cause inaccurate times.
  • Supply counts are checked every 10 seconds.